 Dungeon Crawl Stone Soup version 0.26-a0-665-gefeb406119 (webtiles) character file.

Game seed: 5011459420433373796

102 Elric the Chiller (level 4, 0/24 HPs)
             Began as a Deep Elf Ice Elementalist on Oct 13, 2020.
             Slain by Natasha (5 damage)
             ... on level 3 of the Dungeon.
             The game lasted 00:04:48 (2488 turns).

Elric the Chiller (Deep Elf Ice Elementalist)       Turns: 2488, Time: 00:04:50

Health: 0/24       AC:  3    Str:  5    XL:     4   Next: 50%
Magic:  5/12       EV: 13    Int: 21    God:
Gold:   143        SH:  0    Dex: 15    Spells: 5/12 levels left

rFire    . . .     SeeInvis .   (no weapon)
rCold    . . .     Faith    .   (no shield)
rNeg     . . .     Spirit   .   a - +0 robe
rPois    +         Reflect  .   b - +0 helmet
rElec    .         Harm     .   (no cloak)
rCorr    .         Rampage  .   (no gloves)
MR       .....                  (no boots)
Stlth    ++........             (no amulet)
HPRegen  0.08/turn              d - ring of poison resistance
MPRegen  0.13/turn              (no ring)

@: no status effects
A: no striking features
a: no special abilities


You were on level 3 of the Dungeon.
You visited 1 branch of the dungeon, and saw 3 of its levels.

You collected 143 gold pieces.

Inventory:

Armour
 a - a +0 robe (worn)
 b - a +0 helmet (worn)
Jewellery
 d - a ring of poison resistance (left hand)
 j - an uncursed amulet of faith
 q - a cursed amulet of inaccuracy {unknown}
Wands
 o - a wand of digging (6)
Scrolls
 c - a scroll of immolation {unknown}
 g - 2 scrolls of enchant armour {unknown}
 h - 3 scrolls of remove curse {unknown}
 k - a scroll of fear {unknown}
 p - a scroll of blinking {unknown}
 r - a scroll of teleportation {unknown}
Potions
 e - a potion of might {unknown}
 f - 2 potions of lignification {unknown}
 i - 2 potions of curing {unknown}
 l - 2 potions of stabbing {unknown}
 m - a potion of haste {unknown}
 n - a potion of cancellation {unknown}


   Skills:
 + Level 2.6 Dodging
 - Level 2.4 Stealth
 + Level 4.7 Spellcasting
 * Level 5.6 Ice Magic


You had 5 spell levels left.
You knew the following spells:

 Your Spells              Type           Power        Failure   Level
a - Freeze                Ice            ####         1%          1
b - Frozen Ramparts       Ice            ####..       3%          3
c - Ozocubu's Armour      Ice            ####....     3%          3

Your spell library contained the following spells:

 Spells                   Type           Power        Failure   Level
 Hailstorm                Conj/Ice       ###.....     34%         4
 Summon Ice Beast         Ice/Summ       ###.....     34%         4


Dungeon Overview and Level Annotations

Branches:
Dungeon (3/15)

Altars:

Annotations:
D:3 Natasha


Message History

You can't see any susceptible monsters within range! (Use Z to cast anyway.)
The frozen ramparts melt away.
Casting: Frozen Ramparts (quite dangerous; 3% risk of failure)
Confirm with . or Enter, or press ? or * to list all spells.
Aiming: Freeze (safe; 1% risk of failure)
Press: ? - help, Shift-Dir - straight line, f - Natasha
Aim: Natasha You freeze Natasha.
Natasha is moderately wounded.
Natasha claws you!
* * * LOW HITPOINT WARNING * * *
Casting: Freeze (safe; 1% risk of failure)
Confirm with . or Enter, or press ? or * to list all spells.
Aiming: Freeze (safe; 1% risk of failure)
Press: ? - help, Shift-Dir - straight line, f/p - Natasha
Aim: Natasha (moderately wounded)
You freeze Natasha.
Natasha is moderately wounded.
Natasha claws you.
You die...

........#........#
.#
.###..........####
####..[........#
##.....####.. #.
###....# #. #>.....#
#. #.#..#.# #.
####.#..#.#
#.##5h@.##.#..
######.#..####......
.........## .....#.
.......5######.....
........†##.......##
.........h(.(..#...
####.......(.......
#.........5.....
#...............


You could see Natasha, a crimson imp (summoned) and a shadow imp (summoned).

Vanquished Creatures
  A hound (D:2)
  An adder (D:2)
  An ooze (D:2)
  A worm (D:2)
  2 leopard geckos
  5 orcs (D:3)
  A ball python (D:3)
  A giant cockroach (D:2)
  7 goblins
  6 hobgoblins
  2 jackals (D:2)
  4 kobolds
  A quokka (D:2)
  3 bats
  2 frilled lizards
  7 rats
45 creatures vanquished.

Notes
Turn   | Place    | Note
-------+----------+-------------------------------------------
     0 | D:1      | Elric the Deep Elf Ice Elementalist began the quest for the
                  | Orb.
     0 | D:1      | Reached XP level 1. HP: 10/10 MP: 6/6
   398 | D:1      | Reached XP level 2. HP: 13/15 MP: 5/8
  1342 | D:2      | Reached skill level 5 in Ice Magic
  1344 | D:2      | Reached XP level 3. HP: 14/19 MP: 6/10
  1589 | D:2      | Learned a level 3 spell: Frozen Ramparts
  1593 | D:2      | Learned a level 3 spell: Ozocubu's Armour
  1660 | D:2      | Reached XP level 4. HP: 21/24 MP: 6/12
  2473 | D:3      | Noticed Natasha
  2488 | D:3      | Slain by Natasha

Illustrated notes

Levels and vault maps discovered:
D:1:      dpeg_arrival_simpleton_b, layout_loops_ring
D:2:      layout_loops_ring
D:3:      layout_rooms, uniq_grinder, uniq_jessica, uniq_natasha

Skill      XL: |  1  2  3 |
---------------+----------+-----
Ice Magic      | 5 |  5.6
Spellcasting   | 4 |  4.7
Dodging        | |  2.6
Stealth        | |  2.4

Action                   |  1- 3 |  4- 6 || total
-------------------------+-------+-------++-------
Melee: Unarmed           |     2 |       ||     2
 Cast: Freeze            |    39 |     4 ||    43
       Frozen Ramparts   |     2 |    11 ||    13
Armor: Robe              |     9 |     2 ||    11
Dodge: Dodged            |    24 |    11 ||    35

Table legend: (Time is in decaauts)
 A = Elapsed time spent in this place.
 B = Non-inter-level travel time spent in this place.
 C = Inter-level travel time spent in this place.
 D = Time resting spent in this place.
 E = Time spent auto-exploring this place.
 F = Levels seen in this place.
 G = Mean time per level.
                   A        B        C        D        E       F      G
               +--------+--------+--------+--------+--------+-----+--------+
         Total |   2487 |   2447 |     40 |      0 |   2152 |   3 |  829.0 |
       Dungeon |   2487 |   2447 |     40 |      0 |   2152 |   3 |  829.0 |
               +--------+--------+--------+--------+--------+-----+--------+

Top non-repeatable levels by time:
     D:2: 1353 daAuts
     D:1: 1011 daAuts
     D:3: 122 daAuts
